 Dungeon Crawl Stone Soup version 0.30-b1-2-g02819fbbbe (webtiles) character file.

Game seed: 13048451223811130258

325562 raph the Earth Mage (level 20, -10/168 (173) HPs)
             Began as a Grey Draconian Conjurer on June 1, 2023.
             Was the Champion of Vehumet.
             Mangled by a naga warrior
             ... wielding a +0 battleaxe
              (11 damage)
             ... on level 2 of the Abyss on June 3, 2023.
             The game lasted 02:31:13 (81999 turns).

raph the Earth Mage (Grey Draconian Conjurer)      Turns: 81999, Time: 02:31:13

HP:   -10/168 (173) AC: 22    Str:  8    XL:     20   Next: 74%
MP:   50/50         EV: 13    Int: 24    God:    Vehumet [******]
Gold: 1976          SH:  7    Dex: 13    Spells: 1/53 levels left

rFire   . . .        b - +9 demon trident (flame)
rCold   . . .        P - +2 buckler
rNeg    . . .        (body armour unavailable)
rPois   +            V - +1 hat
rElec   .            F - +0 cloak "Xigah" {Slay+3}
rCorr   .            o - +2 pair of gloves {Stlth+}
SInv    .            q - +1 pair of boots "Etiharue" {rPois Regen+}
Will    +....        H - amulet of the acrobat
Stlth   +++++        m - ring of magical power
HPRegen 1.28/turn    l - +4 ring of slaying
MPRegen 0.32/turn

%: acrobat
@: lethally poisoned (-10 -> -13), constricted, lightly drained
A: AC +15, amphibious, unfitting armour, cold-blooded, weak 1
}: 2/15 runes: decaying, serpentine
a: Renounce Religion


You were on level 2 of the Abyss.
You worshipped Vehumet.
Vehumet was exalted by your worship.
You visited 9 branches of the dungeon, and saw 39 of its levels.
You visited the Abyss 2 times.
You also visited: Ossuary, Volcano and Wizlab.

You collected 4264 gold pieces.
You spent 2288 gold pieces at shops.

Inventory:

Hand Weapons
 b - a +9 demon trident of flaming (weapon)
Missiles
 B - 5 throwing nets (quivered)
 E - 10 curare-tipped darts
Armour
 o - a +2 pair of gloves of stealth (worn)
 q - the +1 pair of boots "Etiharue" (worn) {rPois Regen+}
   (You found it on level 2 of the Dungeon)

   rPois:     It protects you from poison.
   Regen:     It increases your rate of health regeneration.
 v - a +2 cloak of stealth
 F - the +0 cloak "Xigah" (worn) {Slay+3}
   (You found it on level 1 of the Elven Halls)

   Slay:      It affects your accuracy & damage with ranged weapons and melee
   (+3).
 P - a +2 buckler (worn)
 V - a +1 hat (worn)
Magical Staves
 a - a staff of conjuration
 K - the staff of death "Yvoodgh" {+Blink rPois rC+ rN+ Will+}
   (You found it in a wizard's laboratory)

   [staff of death]

   Base accuracy: +5 Base damage: 5 Base attack delay: 1.2 This weapon's minimum
   attack delay (0.6) is reached at skill level 12.
   rC:        It protects you from cold.
   rPois:     It protects you from poison.
   rN:        It protects you from negative energy.
   +Blink:    It lets you blink.
   Will:      It increases your willpower.
   It falls into the 'Staves' category.
   It is a one-handed weapon.
Jewellery
 e - a ring of flight
 j - an amulet of reflection
 l - a +4 ring of slaying (right hand)
 m - a ring of magical power (left hand)
 r - a +5 ring of evasion
 w - a ring of protection from cold
 C - the ring "Riweum" {rN++ EV+5 Str+4 Int-2}
   (You found it in a wizard's laboratory)

   [ring of evasion]

   EV:        It affects your evasion (+5).
   Str:       It affects your strength (+4).
   Int:       It affects your intelligence (-2).
   rN:        It greatly protects you from negative energy.
 H - an amulet of the acrobat (around neck)
 Z - an amulet of magic regeneration
Wands
 c - a wand of mindburst (35)
 I - a wand of digging (6)
 M - a wand of acid (12)
 Q - a wand of iceblast (28)
 S - a wand of flame (96)
 U - a wand of paralysis (60)
Scrolls
 i - 3 scrolls of enchant weapon
 s - 2 scrolls of blinking
 t - 6 scrolls of teleportation
 x - 4 scrolls of fog
 y - 8 scrolls of immolation
 z - 2 scrolls of silence
 D - 4 scrolls of fear
 J - 12 scrolls of poison
 L - 4 scrolls of magic mapping
 N - 24 scrolls of identify
 W - 2 scrolls of brand weapon
 X - 2 scrolls of butterflies
Potions
 d - 24 potions of curing
 f - 24 potions of mutation
 g - 11 potions of resistance
 h - 3 potions of invisibility
 k - 10 potions of flight
 n - a potion of heal wounds
 p - 4 potions of ambrosia
 u - 4 potions of might
 A - 8 potions of haste
 G - a potion of cancellation
 O - 2 potions of magic
 R - a potion of brilliance
 T - 4 potions of berserk rage
Miscellaneous
 Y - a phantom mirror


   Skills:
 - Level 13.8 Fighting
 - Level 12.1 Polearms
 - Level 10.2 Dodging
 - Level 8.6 Stealth
 - Level 5.9 Shields
 + Level 17.2 Spellcasting
 - Level 17.1 Conjurations
 - Level 7.5 Hexes
 - Level 8.2 Necromancy
 * Level 19.9 Earth Magic


You had one spell level left.
You knew the following spells:

 Your Spells              Type           Power      Damage    Failure   Level
a - Magic Dart            Conj           100%       1d8       0%          1
b - Searing Ray           Conj           100%       2d8       0%          2
c - Shatter               Erth           43%        3d33*     26%         9
d - Iron Shot             Conj/Erth      41%        9d8       1%          6
e - Iskenderun's Mystic   Conj/Tloc      58%        2d12      1%          4
f - Iskenderun's Battles  Conj           80%        2d13      1%          5
g - Mephitic Cloud        Conj/Pois/Air  48%        N/A       1%          3
h - Borgnjor's Vile Clut  Necr/Erth      36%        N/A       1%          5
i - Lee's Rapid Deconstr  Erth           43%        3d21*     1%          5
j - Orb of Destruction    Conj           40%        9d11      1%          7
k - Freezing Cloud        Conj/Ice/Air   24%        6-21      2%          5

Your spell library contained the following spells:

 Spells                   Type           Power      Damage    Failure   Level
 Lehudib's Crystal Spear  Conj/Erth      41%        10d10     3%          8
 Ignition                 Fire           10%        3d5       100%        8
 Polar Vortex             Ice            10%        N/A       100%        9
 Kiss of Death            Conj/Necr      100%       2d13      0%          1
 Foxfire                  Conj/Fire      100%       2x1d9     1%          1
 Freeze                   Ice            80%        1d9       1%          1
 Necrotise                Necr           100%       1d9       1%          1
 Shock                    Conj/Air       100%       1d9       1%          1
 Apportation              Tloc           40%        N/A       3%          1
 Sting                    Tmut/Pois      80%        1d7       3%          1
 Stone Arrow              Conj/Erth      100%       3d13      0%          3
 Ensorcelled Hibernation  Hex/Ice        76%        N/A       1%          2
 Momentum Strike          Conj/Tloc      100%       3d10      1%          2
 Passwall                 Tmut/Erth      51%        N/A       1%          2
 Poisonous Vapours        Pois/Air       40%        N/A       1%          2
 Static Discharge         Conj/Air       100%       2-7/arc   1%          2
 Sublimation of Blood     Necr           56%        N/A       1%          2
 Confusing Touch          Hex            54%        N/A       1%          3
 Dazzling Flash           Conj/Hex       100%       N/A       1%          3
 Hailstorm                Conj/Ice       58%        3d13      1%          3
 Inner Flame              Hex/Fire       38%        N/A       1%          3
 Tukima's Dance           Hex            54%        N/A       1%          3
 Anguish                  Hex/Necr       27%        N/A       1%          4
 Animate Dead             Necr           56%        N/A       1%          4
 Dispel Undead            Necr           56%        3d20      1%          4
 Flame Wave               Conj/Fire      58%        2d14      1%          4
 Fulminant Prism          Conj/Hex       34%        3d15      1%          4
 Leda's Liquefaction      Hex/Erth       36%        N/A       1%          4
 Sticky Flame             Conj/Fire      58%        2d7       1%          4
 Arcjolt                  Conj/Air       29%        1d39      1%          5
 Fireball                 Conj/Fire      29%        3d13      1%          5
 Irradiate                Conj/Tmut      29%        3d21      1%          5
 Summon Guardian Golem    Hex/Summ       38%        N/A       2%          3
 Frozen Ramparts          Ice            40%        1d7       3%          3
 Volatile Blastmotes      Fire/Tloc      40%        2d13      3%          3
 Agony                    Necr           56%        N/A       3%          5
 Starburst                Conj/Fire      29%        6d9       4%          6
 Call Imp                 Summ           40%        N/A       5%          2
 Wereblood                Tmut           20%        N/A       5%          2
 Yara's Violent Unravell  Hex/Tmut       19%        3d9       6%          5
 Statue Form              Tmut/Erth      41%        N/A       10%         6
 Ozocubu's Armour         Ice            20%        N/A       11%         3
 Spider Form              Tmut/Pois      20%        N/A       11%         3
 Swiftness                Air            20%        N/A       11%         3
 Vhi's Electric Charge    Tloc/Air       40%        N/A       11%         3
 Airstrike                Air            10%        2d(2-18)  11%         4
 Death Channel            Necr           28%        N/A       19%         6
 Metabolic Englaciation   Hex/Ice        19%        N/A       22%         5
 Silence                  Hex/Air        19%        N/A       22%         5
 Summon Mana Viper        Hex/Summ       38%        N/A       22%         5
 Spellforged Servitor     Conj/Summ      29%        N/A       24%         7
 Ice Form                 Ice/Tmut       20%        N/A       36%         4
 Manifold Assault         Tloc           20%        N/A       36%         4
 Passage of Golubria      Tloc           20%        N/A       36%         4
 Summon Lightning Spire   Summ/Air       20%        N/A       36%         4
 Alistair's Intoxication  Tmut/Pois      13%        N/A       71%         5
 Blade Hands              Tmut           10%        N/A       71%         5
 Summon Forest            Summ/Tloc      10%        N/A       71%         5
 Simulacrum               Ice/Necr       20%        N/A       71%         6
 Eringya's Noxious Bog    Tmut/Pois      10%        N/A       78%         6
 Plasma Beam              Fire/Air       10%        2x1d23    78%         6
 Enfeeble                 Hex            27%        N/A       80%         7
 Dispersal                Tloc           10%        N/A       99%         6
 Summon Cactus Giant      Summ           10%        N/A       99%         6
 Dragon Form              Tmut           10%        N/A       100%        7
 Storm Form               Tmut/Air       10%        N/A       100%        7
 Summon Hydra             Summ           10%        N/A       100%        7
 Disjunction              Tloc           10%        N/A       100%        8
 Maxwell's Capacitive Co  Air            10%        ∞         100%        8
 Chain Lightning          Conj/Air       29%        3d38      100%        9
 Death's Door             Necr           28%        N/A       100%        9
 Fire Storm               Conj/Fire      29%        8d7       100%        9


Dungeon Overview and Level Annotations

Branches:
Dungeon (15/15)            Temple (1/1) D:6            Lair (5/5) D:11
  Swamp (4/4) Lair:3        Snake (4/4) Lair:3        Slime (0/5) Lair:5
    Orc (2/2) D:12            Elf (3/3) Orc:2        Vaults (4/5) D:13
  Crypt (1/3) Vaults:2     Depths (0/4) D:15        Ossuary (visited)
Volcano (visited)          WizLab (visited)

Altars:
Ashenzari
Cheibriados
Dithmenos
Elyvilon
Fedhas
Gozag
Hepliaklqana
Kikubaaqudgha
Makhleb
Nemelex Xobeh
Okawaru
Qazlal
Ru
Sif Muna
Trog
Uskayaw
Vehumet
Wu Jian
Xom
Yredelemnul
Zin
The Shining One
Jiyva

Shops:
D:1 [   D:7 =   D:15 *   Orc:2 :[*[   Elf:3 (   Vaults:1 (   Vaults:3 !:[(=

Annotations:
Snake:3 5 transporters
Elf:2 3 runed translucent doors
Vaults:2 2 runed translucent doors, eruonna's ghost, veteran HOBe; tamionv's ghost, adept GrFi
Vaults:4 Xtahua


Innate Abilities, Weirdness & Mutations

Your dull iron-grey scales are very hard. (AC +15)
You are amphibious.
You cannot fit into any form of body armour.
You are cold-blooded and may be slowed by cold attacks.
You are weak. (Str -2)


Message History

The tentacled starspawn is moderately damaged.
The tentacled starspawn bites you!!
* * * LOW HITPOINT WARNING * * *
You block the tentacled starspawn's attack.
The guardian serpent closely misses you.
The naga warrior hits you with a +0 battleaxe!!
* * * LOW HITPOINT WARNING * * *
The naga warrior constricts you.
* * * LOW HITPOINT WARNING * * *
The raiju bursts into living lightning!
The living lightning misses you.
The raiju blinks!
You feel much better.
The guardian serpent coils itself and waves its upper body at you.
The bolt of poison hits you. You resist.
* * * LOW HITPOINT WARNING * * *
A tentacle flies out from the starspawn's body!
The naga warrior hits you with a +0 battleaxe!
* * * LOW HITPOINT WARNING * * *
The naga warrior constricts you.
The guardian serpent casts a spell at you.
The bolt of poison hits you.
You are poisoned.
You resist.
* * * LOW HITPOINT WARNING * * *
The bolt of poison hits the starspawn tentacle.
The starspawn tentacle completely resists.
The raiju bursts into living lightning!
The living lightning misses you.
The raiju blinks!
A starspawn tentacle comes into view.
Blink to where?
Press: ? - help, Dir - move target The naga warrior's grasp on you weakens, but your attempt to escape fails.
As you read the scroll of blinking, it crumbles to dust.
You feel very sick.
You block the tentacled starspawn's attack.
The tentacled starspawn tentacle-slaps you!
* * * LOW HITPOINT WARNING * * *
The guardian serpent hits you but does no damage.
The naga warrior hits you with a +0 battleaxe!
You die...

.# # #. #. ..
#. #. ...
.##. ## ...#
#.#.## #....#
.##.##...
#w#... #.#
#X#h#....#
#w@S..#.#
#...#.N.##...
##. ####.# ..
#. ## # .. #.
# #. ##. .


You could see a tentacled starspawn, a naga warrior (catching breath), a
guardian serpent, a raiju and 2 starspawn tentacles.

Vanquished Creatures
  Mara (Snake:4)
  Sojobo (Vaults:2)
  Jory (Vaults:3)
  A mutant beast (WizLab)
  Zenata (Vaults:4)
  2 tentacled monstrosities (Swamp:4)
  Asterion (Vaults:1)
  A sphinx (Vaults:4)
  Kirke (Snake:4)
  3 tengu reavers
  Gastronok (Lair:3)
  3 thorn hunters
  6 nagarajas
  Agnes (D:15)
  Roxanne (Elf:2)
  3 fenstrider witches (Swamp:4)
  2 deep elf sorcerers
  9 vault wardens
  A reaper (Swamp:4)
  3 ghouls (Swamp:4)
  A stone giant (Volcano)
  13 ironbound preservers
  An orc warlord (Vaults:1)
  8 very ugly things
  6 ironbound thunderhulks
  Nessos (D:12)
  A dire elephant (Vaults:1)
  3 bunyips
  A deep elf demonologist (Vaults:1)
  6 eleionomae
  The ghost of Sioge the Devastator, a journeyman DECj of Vehumet (Orc:2)
  Snorg (D:12)
  2 green deaths
  3 fire dragons
  2 shambling mangroves (Swamp:4)
  9 yaktaur captains
  An entropy weaver (Vaults:1)
  3 great orbs of eyes
  10 hydras
  A vault guard (Vaults:2)
  3 salamander tyrants
  2 ogre magi (Swamp:4)
  A peacekeeper (Vaults:3)
  3 ghost crabs
  9 alligators
  2 two-headed ogres
  4 boulder beetles
  17 dancing weapons
  14 centaur warriors
  9 death yaks
  15 ironbound frosthearts
  A two-headed ogre (shapeshifter) (D:13)
  17 anacondas
  9 naga warriors
  A thrashing horror (Abyss:2)
  2 soul eaters (Swamp:4)
  5 orc high priests
  3 shock serpents
  11 naga sharpshooters
  7 hell knights (D:10)
  7 salamander mystics
  10 deep elf knights
  3 skeletal warriors (D:14)
  A wretched star (Abyss:2)
  32 deep trolls
  A sea snake (shapeshifter) (WizLab)
  5 bog bodies (Swamp:1)
  A goliath frog (Swamp:1)
  10 spriggan druids
  7 deep elf archers
  A death drake (Swamp:4)
  2 phantasmal warriors (Vaults:1)
  An orb spider (shapeshifter) (WizLab)
  16 harpies
  5 wizards
  11 ironbound convokers
  26 deep elf pyromancers
  8 mana vipers
  10 naga ritualists
  Pikel (D:5)
  11 orc knights
  8 lindwurms
  A harpy (shapeshifter) (WizLab)
  3 necromancers
  A wolf spider (Lair:4)
  12 ugly things
  A shining eye (shapeshifter) (WizLab)
  A glowing shapeshifter (WizLab)
  2 manticores
  9 orc sorcerers
  4 will-o-the-wisps
  25 deep elf zephyrmancers
  6 cyclopes
  2 salamanders (shapeshifter)
  3 orange demons (Swamp:4)
  Maurice (D:12)
  A guardian serpent (Snake:2)
  14 salamanders
  20 slime creatures
  A smoke demon (Abyss:2)
  10 vault sentinels
  An elephant (shapeshifter) (WizLab)
  37 black mambas
  18 naga magi
  4 molten gargoyles
  A cane toad (shapeshifter) (WizLab)
  3 gargoyles
  A torpor snail (Lair:4)
  8 cane toads
  2 komodo dragons (shapeshifter) (WizLab)
  15 komodo dragons
  An unseen horror (D:11)
  29 yaktaurs
  A freezing wraith (Vaults:2)
  2 rime drakes
  A tengu conjurer (D:15)
  2 efreet
  A bloated husk (Swamp:3)
  A queen bee (shapeshifter) (WizLab)
  7 tyrant leeches
  8 trolls
  20 hornets
  A wolf spider simulacrum (D:15)
  2 tarantellas (shapeshifter) (WizLab)
  A polar bear (Lair:3)
  A tarantella (Vaults:1)
  16 blink frogs
  5 dream sheep (Lair:1)
  A snapping turtle (shapeshifter) (WizLab)
  2 jumping spiders (shapeshifter) (WizLab)
  A culicivora (shapeshifter) (WizLab)
  6 wyverns
  3 air elementals
  A wyvern (shapeshifter) (WizLab)
  A culicivora (Vaults:1)
  2 spriggans (shapeshifter) (WizLab)
  16 spriggans
  Sigmund (D:2)
  A shadow (D:12)
  2 ynoxinuls (Abyss:2)
  5 water elementals
  A yak (shapeshifter) (WizLab)
  Eustachio (D:6)
  A basilisk (shapeshifter) (WizLab)
  A hog (shapeshifter) (WizLab)
  A redback (shapeshifter) (WizLab)
  4 basilisks
  51 yaks
  6 fire elementals
  3 hogs
  A redback (Vaults:1)
  2 fire bats (Volcano)
  2 golden eyes (shapeshifter)
  An iron golem (WizLab)
  A chaos spawn (Abyss:2)
  2 steam dragons
  16 vampire mosquitoes
  2 neqoxecs (Swamp:4)
  Edmund (D:6)
  6 wargs
  Menkaure (D:5)
  8 large abominations
  24 nagas
  18 swamp worms
  An acid dragon (shapeshifter) (WizLab)
  8 water moccasins
  2 acid dragons (D:11)
  4 floating eyes (WizLab)
  11 hell hounds
  An ice beast (D:6)
  29 orc warriors
  A sky beast (D:6)
  4 black bears
  2 swamp drakes (Swamp:1)
  9 ogres
  27 wolves
  11 centaurs
  A phantom (D:7)
  3 kobold brigands
  Blork the orc (D:5)
  2 lemures (D:5)
  4 earth elementals
  11 bullfrogs
  A gnoll sergeant (D:11)
  11 scorpions
  12 small abominations
  10 wights
  3 killer bees (D:9)
  A killer bee (shapeshifter) (WizLab)
  An electric eel (D:15)
  6 howler monkeys
  10 lava snakes
  3 centaur zombies (Ossuary)
  A jelly (D:7)
  Crazy Yiuf (D:2)
  21 orc priests
  3 hounds
  5 human zombies
  An iron imp (Abyss:2)
  6 scorpion zombies (Ossuary)
  A sleepcap (D:4)
  5 iguanas
  22 orc wizards
  2 human skeletons (D:7)
  3 mummies (Ossuary)
  7 gnolls
  12 adders
  3 shadow imps
  5 white imps
  4 ufetubi
  4 dart slugs
  84 orcs
  9 ball pythons
  7 bats
  4 bat zombies (D:11)
  14 endoplasms
  6 giant cockroaches
  2 gnoll zombies (Ossuary)
  13 goblins
  12 hobgoblins
  7 quokkas
  A frilled lizard (D:1)
  4 goblin zombies (Ossuary)
  5 hobgoblin zombies (Ossuary)
  19 kobolds
  2 kobold zombies (Ossuary)
  An orc skeleton (D:7)
  An orc zombie (D:7)
  13 rats
  A rat zombie (D:11)
  A fulminant prism (D:15)
  A spectral weapon (Vaults:1)
1434 creatures vanquished.

Vanquished Creatures (others)
  A goliath frog (Swamp:3)
  An unseen horror (shapeshifter) (WizLab)
  A bloated husk (Swamp:3)
  A human (Snake:4)
  An orc priest (Orc:2)
  An orc wizard (Orc:2)
  3 bushes (D:15)
  8 foxfires
  285 fulminant prisms
  40 fungi
  74 plants
  4 starspawn tentacles (Abyss:2)
  2 withered plants (Orc:2)
422 creatures vanquished.

Grand Total: 1856 creatures vanquished

Notes
Turn   | Place    | Note
-------+----------+-------------------------------------------
     0 | D:1      | raph the Draconian Conjurer began the quest for the Orb.
     0 | D:1      | Reached XP level 1. HP: 14/14 MP: 3/3
   210 | D:1      | Reached XP level 2. HP: 20/20 MP: 0/5
   549 | D:1      | Learned a level 2 spell: Searing Ray
   798 | D:1      | Reached skill level 5 in Conjurations
   799 | D:1      | Reached XP level 3. HP: 26/26 MP: 0/6
  1079 | D:1      | Learned a level 3 spell: Dazzling Flash
  1363 | D:1      | Found Ucevick's Antique Armour Boutique.
  1549 | D:2      | Reached XP level 4. HP: 33/33 MP: 0/7
  2101 | D:2      | Identified the +1 pair of boots "Etiharue" {rPois Regen+}
  2236 | D:2      | Reached skill level 1 in Hexes
  2595 | D:2      | Noticed Sigmund
  2607 | D:2      | Killed Sigmund
  2608 | D:2      | Reached XP level 5. HP: 38/38 MP: 6/9
  2942 | D:3      | Reached XP level 6. HP: 45/45 MP: 3/10
  2947 | D:3      | Learned a level 4 spell: Fulminant Prism
  2999 | D:3      | Found a faded altar of an unknown god.
  3899 | D:2      | Found a runed translucent door.
  3900 | D:2      | Noticed Crazy Yiuf
  3905 | D:2      | Killed Crazy Yiuf
  4361 | D:4      | Your scales start taking on a dull iron-grey colour.
  4361 | D:4      | Reached XP level 7. HP: 50/50 MP: 1/12
  5578 | D:5      | Entered Level 5 of the Dungeon
  5746 | D:1      | Bought a pair of glowing gloves for 217 gold pieces
  6020 | D:5      | Noticed Pikel
  6036 | D:5      | Killed Pikel
  6037 | D:5      | Reached XP level 8. HP: 57/57 MP: 9/14
  6094 | D:5      | Noticed Blork the orc
  6122 | D:5      | Killed Blork the orc
  6347 | D:5      | Noticed a gargoyle
  6348 | D:5      | Reached skill level 5 in Spellcasting
  6366 | D:5      | Reached skill level 5 in Hexes
  6366 | D:5      | Reached XP level 9. HP: 62/62 MP: 2/17
  6678 | D:5      | Killed a gargoyle
  6679 | D:5      | Reached skill level 1 in Fighting
  6679 | D:5      | Reached skill level 1 in Shields
  6766 | D:5      | Reached skill level 10 in Conjurations
  6945 | D:5      | Learned a level 4 spell: Iskenderun's Mystic Blast
  7119 | D:5      | Noticed Menkaure
  7123 | D:5      | Killed Menkaure
  7465 | D:5      | Found a hide-covered altar of Uskayaw.
  7784 | D:6      | Noticed Edmund
  7796 | D:6      | Killed Edmund
  8022 | D:6      | Found a staircase to the Ecumenical Temple.
  8030 | Temple   | Entered the Ecumenical Temple
  8144 | Temple   | Became a worshipper of Vehumet
  8192 | D:6      | Found a shimmering blue altar of Sif Muna.
  8394 | D:6      | Noticed Eustachio
  8421 | D:6      | Killed Eustachio
  9078 | D:6      | Found an ornate altar of the Wu Jian Council.
  9296 | D:7      | Found a sand-covered staircase.
  9332 | Ossuary  | Entered an ossuary
  9342 | Ossuary  | Reached XP level 10. HP: 77/77 MP: 14/19
  9734 | Ossuary  | Reached * piety under Vehumet
  9734 | Ossuary  | Offered knowledge of Kiss of Death by Vehumet.
 11163 | D:7      | Identified the +0 leather armour of Fashionability {SInv}
 11166 | D:7      | Found a shimmering altar of Xom.
 11166 | D:7      | Found a sparkling altar of Nemelex Xobeh.
 11166 | D:7      | Found a bloodstained altar of Trog.
 11180 | D:7      | Reached ** piety under Vehumet
 11180 | D:7      | Offered knowledge of Scorch by Vehumet.
 11435 | D:7      | Found Gualuosu's Jewellery Shoppe.
 11510 | D:7      | Identified the +2 quarterstaff "Adwexuog" {flame, Will+
                  | SInv Stlth+}
 13174 | D:9      | Offered knowledge of Stone Arrow by Vehumet.
 13220 | D:9      | Learned a level 3 spell: Stone Arrow
 13269 | D:9      | Noticed a two-headed ogre
 13275 | D:9      | Killed a two-headed ogre
 13392 | D:9      | Reached XP level 11. HP: 85/85 MP: 12/21
 13875 | D:9      | Reached *** piety under Vehumet
 13880 | D:9      | Reached skill level 5 in Fighting
 14268 | D:9      | Found a glowing golden altar of the Shining One.
 14764 | D:7      | Bought an amulet of the acrobat for 390 gold pieces
 14842 | D:10     | Entered Level 10 of the Dungeon
 14977 | D:10     | Found a snail-covered altar of Cheibriados.
 15141 | D:10     | Noticed a hell knight
 15296 | D:10     | Killed a hell knight
 15297 | D:10     | Reached skill level 1 in Earth Magic
 15624 | D:10     | Reached skill level 5 in Dodging
 15995 | D:10     | Identified the +6 short sword "Hoezee" {flame, Str+3}
 15999 | D:10     | Reached skill level 5 in Shields
 16093 | D:10     | Reached skill level 2 in Earth Magic
 16095 | D:10     | Offered knowledge of Volatile Blastmotes by Vehumet.
 16642 | D:10     | Noticed a hell knight
 16642 | D:10     | Noticed a hell knight
 16644 | D:10     | Noticed a hell knight
 16646 | D:10     | Noticed a hell knight
 16649 | D:10     | Noticed a hell knight
 16758 | D:10     | Noticed a necromancer
 16844 | D:10     | Killed a necromancer
 16860 | D:10     | Killed a hell knight
 17620 | D:10     | Killed a hell knight
 17621 | D:10     | Reached skill level 3 in Earth Magic
 18306 | D:10     | Killed a hell knight
 18498 | D:10     | Killed a hell knight
 18505 | D:10     | Killed a hell knight
 18795 | D:10     | Noticed a hell knight
 18802 | D:10     | Killed a hell knight
 18803 | D:10     | Reached XP level 12. HP: 96/96 MP: 13/23
 19647 | D:11     | Reached skill level 4 in Earth Magic
 20431 | D:11     | Found an ancient bone altar of Kikubaaqudgha.
 20469 | D:11     | Reached **** piety under Vehumet
 20775 | D:11     | Found a staircase to the Lair.
 20856 | Lair:1   | Entered Level 1 of the Lair of Beasts
 21155 | Lair:1   | Reached skill level 1 in Necromancy
 21165 | Lair:1   | Reached skill level 5 in Earth Magic
 21265 | Lair:1   | Offered knowledge of Mephitic Cloud by Vehumet.
 21276 | D:11     | Learned a level 3 spell: Mephitic Cloud
 21282 | D:11     | Learned a level 5 spell: Borgnjor's Vile Clutch
 22579 | Lair:1   | Identified the +2 robe of the Lonely Ziggurats {Int+3}
 22685 | Lair:2   | Reached skill level 6 in Earth Magic
 24028 | Lair:3   | Noticed Gastronok
 24044 | Lair:3   | Killed Gastronok
 24045 | Lair:3   | Reached XP level 13. HP: 87/105 MP: 13/25
 24519 | Lair:3   | Reached skill level 7 in Earth Magic
 24605 | Lair:3   | Found a staircase to the Swamp.
 26067 | Lair:3   | Found a staircase to the Snake Pit.
 26683 | Lair:4   | Reached skill level 5 in Necromancy
 27575 | Lair:4   | Identified the +0 robe "Lechaos" {Will- Int+3 Dex+3}
 28030 | Lair:4   | Reached skill level 8 in Earth Magic
 28769 | Lair:5   | Entered Level 5 of the Lair of Beasts
 29095 | Lair:5   | Reached ***** piety under Vehumet
 29313 | Lair:5   | Offered knowledge of Lee's Rapid Deconstruction by Vehumet.
 29377 | Lair:5   | Found a viscous altar of Jiyva.
 29377 | Lair:5   | Found a staircase to the Slime Pits.
 29759 | Lair:5   | Reached skill level 9 in Earth Magic
 29940 | Lair:5   | Learned a level 5 spell: Lee's Rapid Deconstruction
 30252 | Lair:5   | Reached skill level 5 in Stealth
 30252 | Lair:5   | Reached XP level 14. HP: 116/116 MP: 19/27
 31714 | Lair:5   | Found a large runed translucent door.
 31714 | Lair:5   | Found a large runed translucent door.
 32280 | Lair:5   | Identified the +0 robe of Parts Unknown {Drain Dex+2
                  | Stlth+}
 32678 | D:12     | Noticed Nessos
 33243 | D:12     | Found a staircase to the Orcish Mines.
 33293 | D:12     | Offered knowledge of Plasma Beam by Vehumet.
 33732 | D:12     | Noticed Snorg
 33739 | D:12     | Killed Snorg
 34318 | D:12     | Noticed Maurice
 34328 | D:12     | Killed Maurice
 34978 | D:12     | Found a staircase to the Orcish Mines.
 35083 | D:12     | Killed Nessos
 35781 | D:13     | Reached skill level 10 in Earth Magic
 36956 | Abyss:2  | Found a corrupted altar of Lugonu.
 36956 | Abyss:2  | Cast into level 2 of the Abyss (a wizard)
 37053 | D:13     | Escaped the Abyss
 37121 | D:13     | Found a gate to the Vaults.
 37382 | D:13     | Found a broken altar of Ashenzari.
 38922 | D:14     | Reached skill level 1 in Polearms
 39609 | D:15     | Entered Level 15 of the Dungeon
 39721 | D:15     | Noticed Agnes
 39732 | D:15     | Killed Agnes
 40787 | D:15     | Reached skill level 11 in Earth Magic
 40789 | D:15     | Reached XP level 15. HP: 122/125 MP: 12/28
 41089 | D:15     | Found Guosch's General Store.
 41097 | D:15     | Bought a wand of acid (3) for 151 gold pieces
 41509 | D:15     | Found a staircase to the Depths.
 41692 | Orc:1    | Entered Level 1 of the Orcish Mines
 42502 | Orc:1    | Offered knowledge of Iskenderun's Battlesphere by Vehumet.
 42834 | Orc:1    | Reached skill level 15 in Conjurations
 43077 | Orc:1    | Learned a level 5 spell: Iskenderun's Battlesphere
 43169 | Orc:2    | Entered Level 2 of the Orcish Mines
 43300 | Orc:2    | Found a staircase to the Elven Halls.
 43778 | Orc:2    | Found a dark tunnel.
 43830 | Volcano  | Entered a volcano
 44515 | Volcano  | Found a bloodstained altar of Trog.
 45035 | Volcano  | Identified the +0 pair of gloves of the Game of Life {+Inv
                  | rCorr Str-4 Dex+3}
 45447 | Orc:2    | Found Ewizuaxe's Book Boutique.
 45447 | Orc:2    | Found Nasy's Armour Emporium.
 45452 | Orc:2    | Found Uwoaq's General Store.
 45452 | Orc:2    | Found Woruliar's Armour Emporium.
 45460 | Orc:2    | Bought a potion of magic for 104 gold pieces
 45460 | Orc:2    | Bought a scroll of blinking for 97 gold pieces
 45600 | Orc:2    | Found a runed translucent door.
 45601 | Orc:2    | Noticed Sioge's ghost (journeyman DECj)
 45839 | Orc:2    | Killed Sioge's ghost
 46294 | Swamp:1  | Entered Level 1 of the Swamp
 46297 | Swamp:1  | Offered knowledge of Iron Shot by Vehumet.
 46416 | Swamp:1  | Reached skill level 10 in Spellcasting
 46551 | Swamp:1  | Reached skill level 10 in Fighting
 46551 | Swamp:1  | Reached skill level 12 in Earth Magic
 48585 | Swamp:2  | Found a glowing silver altar of Zin.
 48903 | Swamp:3  | Noticed a thorn hunter
 48919 | Swamp:3  | Reached XP level 16. HP: 134/135 MP: 9/30
 48920 | Swamp:3  | Killed a thorn hunter
 49095 | Swamp:3  | Offered knowledge of Fireball by Vehumet.
 49634 | Swamp:3  | Reached skill level 13 in Earth Magic
 49819 | Swamp:3  | Noticed a thorn hunter
 49833 | Swamp:3  | Killed a thorn hunter
 50026 | Swamp:3  | Identified the +4 helmet "Wajeha" {*Corrode rPois rC+
                  | Slay+3 SInv}
 50200 | Swamp:4  | Entered Level 4 of the Swamp
 50688 | Swamp:4  | Noticed a tentacled monstrosity
 50697 | Swamp:4  | Killed a tentacled monstrosity
 51360 | Swamp:4  | Noticed a tentacled monstrosity
 51389 | Swamp:4  | Killed a tentacled monstrosity
 51393 | Swamp:4  | Reached skill level 5 in Polearms
 52122 | Swamp:4  | Noticed a thorn hunter
 52129 | Swamp:4  | Killed a thorn hunter
 52672 | Swamp:4  | Reached skill level 14 in Earth Magic
 52696 | Swamp:4  | Paralysed by something for 5 turns
 52832 | Swamp:4  | Offered knowledge of Arcjolt by Vehumet.
 52951 | Swamp:4  | Got a decaying rune of Zot
 53462 | Snake:1  | Entered Level 1 of the Snake Pit
 54016 | Snake:1  | Reached XP level 17. HP: 131/144 MP: 7/31
 55019 | Snake:2  | You fall into a shaft and drop 1 floor!
 56489 | Snake:2  | Learned a level 7 spell: Orb of Destruction
 57372 | Snake:2  | Learned a level 6 spell: Iron Shot
 57437 | Snake:3  | Offered knowledge of Conjure Ball Lightning by Vehumet.
 58356 | Snake:3  | Found a transporter.
 58358 | Snake:3  | Found a transporter.
 58467 | Snake:3  | Found a transporter.
 58481 | Snake:3  | Found a transporter.
 58485 | Snake:3  | Found a transporter.
 58701 | Snake:4  | Entered Level 4 of the Snake Pit
 59096 | Snake:4  | Noticed Kirke
 59102 | Snake:4  | Killed Kirke
 59612 | Snake:4  | Noticed Mara
 59617 | Snake:4  | Noticed raph's illusion
 59622 | Snake:4  | Killed Mara
 61187 | Snake:4  | Reached skill level 15 in Earth Magic
 61192 | Snake:4  | Reached XP level 18. HP: 110/151 MP: 16/36
 61264 | Snake:3  | Learned a level 5 spell: Freezing Cloud
 62073 | Snake:4  | Got a serpentine rune of Zot
 62775 | Vaults:1 | Entered Level 1 of the Vaults
 63094 | Vaults:1 | Reached skill level 15 in Spellcasting
 63332 | Vaults:1 | Reached skill level 16 in Earth Magic
 63444 | Vaults:1 | Noticed Asterion
 63671 | Vaults:1 | HP: 6/145 [Asterion/+0 spectral demon trident (14)]
 63673 | Vaults:1 | Killed Asterion
 63974 | Vaults:1 | Noticed a Hell Sentinel
 63976 | Vaults:1 | HP: 7/151 [vault warden/+1 war axe of freezing (11)]
 64152 | Vaults:1 | Reached skill level 17 in Earth Magic
 65500 | Vaults:1 | Found Imoroyna's Antique Weapon Shoppe.
 66873 | Vaults:2 | Reached XP level 19. HP: 100/160 MP: 32/38
 67567 | Vaults:2 | Found a large runed translucent door.
 67567 | Vaults:2 | Noticed eruonna's ghost (veteran HOBe)
 67568 | Vaults:2 | Found a large runed translucent door.
 67568 | Vaults:2 | Noticed tamionv's ghost (adept GrFi)
 67943 | Vaults:2 | Reached ****** piety under Vehumet
 68178 | Vaults:2 | Found a basalt altar of Yredelemnul.
 68179 | Vaults:2 | Found a staircase to the Crypt.
 68433 | Vaults:2 | Noticed Sojobo
 68443 | Vaults:2 | Paralysed by an air elemental for 1 turns
 68445 | Vaults:2 | Paralysed by an air elemental for 1 turns
 68447 | Vaults:2 | Paralysed by an air elemental for 1 turns
 68839 | Vaults:2 | Paralysed by an air elemental for 1 turns
 68843 | Vaults:2 | Paralysed by an air elemental for 1 turns
 68848 | Vaults:2 | Killed Sojobo
 69090 | Vaults:2 | Found an ancient bone altar of Kikubaaqudgha.
 69097 | Crypt:1  | Entered Level 1 of the Crypt
 69524 | Vaults:2 | Identified the +10 shortbow "Osaph" {flame, rC+ Dex+4}
 69748 | Vaults:3 | Found Qexall's Jewellery Emporium.
 69898 | Vaults:3 | Noticed Jory
 69906 | Vaults:3 | Killed Jory
 70853 | Vaults:3 | Reached skill level 18 in Earth Magic
 70914 | Vaults:3 | Found Raufutt's Book Shoppe.
 71215 | Vaults:3 | Found Wucriw's Armour Boutique.
 71434 | Vaults:3 | Reached skill level 10 in Polearms
 71672 | Vaults:3 | Offered knowledge of Lehudib's Crystal Spear by Vehumet.
 71672 | Vaults:3 | Offered knowledge of Polar Vortex by Vehumet.
 71672 | Vaults:3 | Offered knowledge of Ignition by Vehumet.
 71865 | Vaults:3 | Bought a book of Fire for 836 gold pieces
 72063 | Vaults:3 | Found Peg Wel's Distillery.
 72071 | Vaults:3 | Bought a potion of heal wounds for 85 gold pieces
 72071 | Vaults:3 | Bought a potion of curing for 51 gold pieces
 72071 | Vaults:3 | Bought a potion of haste for 170 gold pieces
 72071 | Vaults:3 | Bought a potion of curing for 51 gold pieces
 72071 | Vaults:3 | Bought a potion of ambrosia for 136 gold pieces
 72274 | Vaults:3 | Found Zitakhlu's Antique Weapon Shoppe.
 72369 | Vaults:3 | Found Kewanepa's Antique Armour Shoppe.
 74144 | Vaults:4 | Noticed Zenata
 74150 | Vaults:4 | Killed Zenata
 74402 | Vaults:4 | Noticed Xtahua
 74402 | Vaults:4 | Paralysed by Xtahua for 4 turns
 74405 | Vaults:4 | Noticed an ancient lich
 74666 | Elf:1    | Entered Level 1 of the Elven Halls
 74691 | Elf:1    | Found a radiant altar of Vehumet.
 74941 | Elf:1    | Found an ancient bone altar of Kikubaaqudgha.
 74965 | Elf:1    | Found a magical portal.
 75003 | WizLab   | Entered Cigotuvi's Fleshworks
 75351 | WizLab   | Gained mutation: You are weak. (Str -2) [mutagenic glow]
 75543 | WizLab   | Reached XP level 20. HP: 171/171 MP: 37/40
 75976 | WizLab   | Identified the ring "Riweum" {rN++ EV+5 Str+4 Int-2}
 76191 | WizLab   | Identified the staff of death "Yvoodgh" {+Blink rPois rC+
                  | rN+ Will+}
 76529 | WizLab   | Got Cigotuvi's Codex of the Charnel Switch
 76531 | WizLab   | Got the Handbook of Forms
 76956 | Elf:1    | Identified the +4 broad axe "Jixtosuf" {elec, Str+6}
 77161 | Elf:1    | Reached skill level 10 in Dodging
 77168 | Elf:1    | Paralysed by an air elemental for 1 turns
 78637 | Elf:1    | Got Wonaog's Lectures on Power and the Mob
 78640 | Elf:1    | Identified the +0 cloak "Xigah" {Slay+3}
 79526 | Elf:2    | Learned a level 9 spell: Shatter
 79602 | Elf:2    | Noticed Roxanne
 79607 | Elf:2    | Killed Roxanne
 79709 | Elf:2    | Reached skill level 19 in Earth Magic
 79985 | Elf:2    | Found a runed translucent gate.
 79985 | Elf:2    | Found a runed translucent gate.
 79986 | Elf:2    | Found a runed translucent gate.
 80450 | Elf:3    | Entered Level 3 of the Elven Halls
 80863 | Elf:3    | Found Sinkit's Weapon Shoppe.
 81541 | Abyss:2  | Cast into level 2 of the Abyss (a deep elf demonologist)
 81831 | Abyss:2  | Noticed a profane servitor
 81843 | Abyss:2  | Found a corrupted altar of Lugonu.
 81850 | Abyss:2  | Found a corrupted altar of Lugonu.
 81850 | Abyss:2  | Noticed a bone dragon
 81850 | Abyss:2  | Found a corrupted altar of Lugonu.
 81999 | Abyss:2  | HP: 1/168 [tentacled starspawn (12)]
 81999 | Abyss:2  | Mangled by a naga warrior

Illustrated notes

Levels and vault maps discovered:
D:1:      dpeg_arrival_stone_temple_mockup, layout_rooms, serial_shops,
          nicolae_shop_waterfront, minmay_nonomino_d4
D:2:      layout_basic, minmay_joined_circles, uniq_sigmund,
          uniq_crazy_yiuf_cottage
D:3:      layout_basic, ebering_ecumenical_altar_box
D:4:      layout_loops_ring, kennysheep_cross_bottleneck
D:5:      layout_loops_corners, nicolae_uskayaw_suspiria, minmay_between,
          uniq_menkaure, uniq_pikel, uniq_blork_the_orc
D:6:      layout_loops_corners, mainiacjoe_overflow_catwalk,
          nzn_wu_jian_contemplation, minmay_temple_entry_waves, serial_demonic,
          serial_demonic_f, serial_demonic_a, serial_demonic_d,
          serial_demonic_f, uniq_eustachio, uniq_edmund
D:7:      layout_basic, gammafunk_temple_overflow_forgotten, serial_shops,
          nicolae_shop_gaudy_bauble, nicolae_ossuary_entry_catacombs,
          nicolae_elevator_lobby_asterisk
D:8:      layout_basic, nicolae_benzene_ring
D:9:      layout_long_grid, tso_metal_star, enter_bailey_3
D:10:     layout_grid_maze, mainiacjoe_overflow_brackets, minmay_rotating_lava
D:11:     layout_irregular_city, erik_lair_dragon, serial_column_ruins,
          column_ruins_hut_pillars, column_ruins_hut, column_ruins_grid_3,
          column_ruins_grid_1, column_ruins_columns_straight,
          column_ruins_open_small, lemuel_zombie_altar_kikubaaqudgha
D:12:     layout_basic, david_orc_5, uniq_snorg, uniq_nessos, uniq_maurice
D:13:     layout_rooms, david_vaults_1, serial_curves, eino_curves_04,
          eino_curves_04, ashenzari_altar_1
D:14:     layout_roguey, hangedman_abyss_or_decor_lesser_grid
D:15:     grunt_enter_depths_hoard, layout_cross, serial_park,
          serial_park_tiny_pond, serial_park_square1
          [serial_park_minivault_5x5_7], serial_park_fountain,
          serial_park_square1 [serial_park_minivault_5x5_6], serial_shops, shop,
          nrook_mini_backslash, uniq_agnes
Temple:   nicolae_temple_two_arcs
Lair:1:   layout_chaotic_city, grunt_megastairs_3, lemuel_fruit_fields
Lair:2:   layout_hall_layers
Lair:3:   layout_concentric_octagons, swamp_mist,
          minmay_snake_entry_guardpost_large, lemuel_fruit_fields,
          uniq_gastronok
Lair:4:   layout_regular_city, minmay_holes, nicolae_lair_run_with_the_wolves,
          grunt_megastairs_1
Lair:5:   cheibrodos_lair_end_hotspot, layout_long_grid,
          nicolae_slime_entry_slimehenge
Swamp:1:  layout_basic_swamp, serial_swamp_ruin, evilmike_swamp_ruin_house_3,
          evilmike_swamp_ruin_rubble_2
Swamp:2:  layout_basic_swamp, nicolae_swamp_godswood, swamp_pool3
Swamp:3:  layout_basic_swamp, evilmike_swamp_ruin_house_1,
          hangedman_swamp_lotus, swamp_pool2, nicolae_swamp_little_tower
Swamp:4:  nzn_swamp_witches_coven, layout_basic_swamp
Snake:1:  layout_gridlike, grunt_megastairs_5
Snake:2:  layout_onion_interference, nicolae_snake_scaly_snakehead,
          lemuel_fruit_tree
Snake:3:  gammafunk_the_bubble [the_bubble_gammafunk_roulette], layout_onion
Snake:4:  snake_pit, layout_misc_corridors, uniq_kirke, uniq_mara
Orc:1:    layout_diamond_mine, nicolae_orc_damp_corner
Orc:2:    grunt_orc_tribal_feast, layout_caves, gammafunk_ghost_grave,
          enter_volcano_1
Elf:1:    eino_elf_arrival_altar, layout_loops_corners, mu_enter_wizlab_2,
          basic_altar, minmay_elf_sorcery, moated_statue
Elf:2:    nicolae_elf_blades_splatter_lattice [infiniplex_blade_entry_pillars],
          layout_geoelf_octagon, uniq_roxanne
Elf:3:    minmay_elf_hall_quartered_circle, layout_geoelf_diagonals,
          serial_shops, nicolae_shop_crystal
Vaults:1: v_rooms_1, nicolae_vaults_closet_pinwheel_1, v_misc_27,
          ontoclasm_vaults_chip, v_misc_27, ontoclasm_vaults_gateway,
          vaults_room_door_hall, nicolae_vaults_disappearing_quadrants,
          vaults_room_hallway, nicolae_vaults_two_Ls, layout_vaults_omnibox,
          serial_shops, shop, uniq_asterion
Vaults:2: advil_vaults_ghost_guards, nicolae_vaults_variable_pillar_hall,
          minmay_crypt_entry_necro_gods, nicolae_vaults_tetromino_Z_2,
          nicolae_vaults_c_with_doors, v_rooms_2,
          nicolae_vaults_storage_room_statues, hangedman_vaults_capsules,
          layout_vaults_chaotic_city, uniq_sojobo
Vaults:3: v_misc_32, nicolae_vaults_taking_the_gang_shopping, v_pattern_1,
          nicolae_vaults_closet_pinwheel_1, hangedman_vaults_maws,
          nicolae_vaults_more_shelving_1, vaults_dpeg_encased_lava,
          nicolae_vaults_tetromino_Z_1, nicolae_vaults_shelves_hall,
          layout_vaults_omnigrid, serial_shops, nicolae_book_shop_shelving,
          nicolae_shop_real_fake_doors, shop, shop, shop, uniq_jory
Vaults:4: nicolae_vaults_you_can_take_it_with_you, grunt_vaults_hallway_short,
          nicolae_vaults_trapezoid_lopsided_3, nicolae_vaults_angled_halls,
          nicolae_vaults_little_squares_2, nicolae_vaults_wine_cellar,
          vaults_mumra_hex, hangedman_vaults_maws, hangedman_vaults_impose,
          grunt_vaults_diagonal, v_misc_14, vaults_room_ringed_pool,
          ontoclasm_vaults_spin, hangedman_vaults_maws,
          ontoclasm_vaults_shuriken, nicolae_vaults_closet_pinwheel_4,
          layout_vaults_omnicross, uniq_xtahua, uniq_bai_suzhen, uniq_zenata
Crypt:1:  layout_catacombs, nzn_ghost_randoct, st_stairs_2,
          grunt_crypt_arrival_split
Abyss:2:  base: D:2, base: D:5, guppyfry_abyss_exit_glass_guarded,
          hangedman_abyss_batty_box, bh_abyss_exit_grid,
          spicy_abyss_unhelpful_harpoons

Skill      XL: |  1  2  3  4  5  6  7  8  9 10 11 12 13 14 15 16 17 18 19 20 |
---------------+-------------------------------------------------------------+-----
Conjurations   | 5 6 7 8 9 10 11 12 13 14 15 16 17 | 17.1
Hexes          | 2 4 5 6 7 |  7.5
Spellcasting   | 3 4 5 6 7 8 9 10 14 15 16 17 | 17.2
Fighting       | 3 4 6 7 8 9 10 11 13 | 13.8
Dodging        | 3 4 5 6 7 8 9 10 | 10.2
Shields        | 2 4 5 |  5.9
Earth Magic    | 3 6 9 11 12 14 15 17 18 19 | 19.9
Stealth        | 3 5 6 7 8 |  8.6
Necromancy     | 4 6 8 |  8.2
Polearms       | 1 4 5 6 7 11 12 | 12.1

Action                     |  1- 3 |  4- 6 |  7- 9 | 10-12 | 13-15 | 16-18 | 19-21 || total
---------------------------+-------+-------+-------+-------+-------+-------+-------++-------
  Melee: Unarmed           |    24 |       |       |       |       |       |       ||    24
         Tailslap          |     3 |     3 |     3 |    14 |    68 |   118 |    20 ||   229
         Punch             |     1 |       |       |       |       |       |       ||     1
         Dagger            |    23 |       |       |       |       |       |       ||    23
         Hand axe          |       |    11 |    22 |    36 |       |       |       ||    69
         Demon trident     |       |       |       |    40 |   380 |   643 |   105 ||  1168
         Staff             |       |       |       |     3 |    12 |    11 |    13 ||    39
         Demon whip        |       |       |       |       |     8 |       |       ||     8
  Throw: Dart              |       |       |       |       |     5 |     1 |       ||     6
   Cast: Magic Dart        |    38 |    17 |     6 |     9 |    38 |     7 |       ||   115
         Searing Ray       |    16 |    38 |    55 |   103 |   171 |    53 |       ||   436
         Fulminant Prism   |       |     3 |    19 |   138 |   110 |    16 |       ||   286
         Dazzling Flash    |       |       |     1 |       |       |       |       ||     1
         Iskenderun's Myst |       |       |       |    69 |   177 |    95 |    16 ||   357
         Stone Arrow       |       |       |       |     6 |     1 |       |       ||     7
         Borgnjor's Vile C |       |       |       |       |    39 |    66 |    20 ||   125
         Lee's Rapid Decon |       |       |       |       |    85 |    41 |     9 ||   135
         Mephitic Cloud    |       |       |       |       |     2 |     1 |       ||     3
         Iskenderun's Batt |       |       |       |       |    33 |    23 |       ||    56
         Orb of Destructio |       |       |       |       |       |    68 |    69 ||   137
         Iron Shot         |       |       |       |       |       |    83 |   293 ||   376
         Freezing Cloud    |       |       |       |       |       |    33 |    45 ||    78
         Shatter           |       |       |       |       |       |       |     2 ||     2
  Evoke: Wand              |       |       |       |     2 |     2 |     2 |       ||     6
    Use: Scroll            |     2 |     8 |     5 |    14 |     9 |    11 |     8 ||    57
         Potion            |       |     1 |     1 |       |     4 |    11 |     7 ||    24
   Stab: Sleeping          |       |       |       |     1 |     4 |     8 |       ||    13
         Distracted        |       |       |       |       |     1 |     1 |     1 ||     3
         Confused          |       |       |       |       |       |     2 |       ||     2
 Armour: Skin              |    70 |    15 |    72 |    79 |   210 |   313 |   113 ||   872
  Dodge: Dodged            |   104 |    30 |    73 |   207 |   717 |   799 |   256 ||  2186
  Block: Buckler           |       |       |    13 |    48 |   184 |   351 |    91 ||   687
